 Dungeon Crawl Stone Soup version 0.29-a0-1006-g0dd7720b37 (webtiles) character file.

Game seed: 74638617401113691

389 drpainis the Chopper (level 6, -3/53 HPs)
             Began as a Hill Orc Fighter on Aug 6, 2022.
             Slain by a gnoll sergeant
             ... wielding a +0 trident
              (5 damage)
             ... on level 5 of the Dungeon.
             The game lasted 00:06:27 (4251 turns).

drpainis the Chopper (Hill Orc Fighter)             Turns: 4251, Time: 00:06:27

Health: -3/53      AC: 14    Str: 21    XL:     6   Next: 79%
Magic:  6/6        EV: 13    Int:  8    God:
Gold:   209        SH:  4    Dex: 10    Spells: 5/5 levels left

rFire   . . .      SeeInvis .   a - +0 war axe
rCold   + . .      Faith    .   c - +0 buckler
rNeg    . . .      Spirit   .   t - +3 scale mail of the Orb Guardian {rC+ Stlth+}
rPois   .          Reflect  .   s - +0 helmet
rElec   .          Harm     .   x - +1 cloak
rCorr   +          Rampage  .   (no gloves)
Will    .....                   l - +0 pair of boots
Stlth   +.........              (no amulet)
HPRegen 0.17/turn               n - ring of resist corrosion
MPRegen 0.10/turn               y - +4 ring of evasion

@: mighty
A: no striking features
a: no special abilities


You were on level 5 of the Dungeon.
You visited 1 branch of the dungeon, and saw 5 of its levels.

You collected 209 gold pieces.

Inventory:

Hand Weapons
 a - a +0 war axe (weapon)
 w - a +3 quarterstaff of chaos
Missiles
 m - 6 poisoned darts (quivered)
 o - 4 boomerangs of dispersal
Armour
 b - a +0 scale mail
 c - a +0 buckler (worn)
 k - a +0 buckler
 l - a +0 pair of boots (worn)
 s - a +0 helmet (worn)
 t - the +3 scale mail of the Orb Guardian (worn) {rC+ Stlth+}
   (You found it on level 2 of the Dungeon)

   rC:        It protects you from cold.
   Stlth:     It makes you more stealthy.
 v - a +0 pair of boots
 x - a +1 cloak (worn)
Jewellery
 n - a ring of resist corrosion (left hand)
 y - a +4 ring of evasion (right hand)
Wands
 D - a wand of flame (2)
Scrolls
 e - a scroll of magic mapping {unknown}
 h - 3 scrolls of immolation {unknown}
 i - a scroll of enchant armour {unknown}
 u - 3 scrolls of identify {unknown}
 z - a scroll of noise {unknown}
 B - a scroll of enchant weapon {unknown}
 E - a scroll of vulnerability {unknown}
Potions
 d - a potion of might
 f - a potion of curing {unknown}
 g - 4 potions of degeneration {unknown}
 j - 2 potions of lignification {unknown}
 p - a potion of cancellation {unknown}
 q - a potion of brilliance {unknown}
 r - a potion of mutation {unknown}
 A - a potion of attraction {unknown}
 C - a potion of flight {unknown}


   Skills:
 + Level 4.5 Fighting
 + Level 6.3 Axes
 + Level 0.1 Throwing
 + Level 4.9 Armour
 + Level 1.2 Dodging
 + Level 0.5 Stealth
 + Level 3.8 Shields


You had 5 spell levels left.
You didn't know any spells.
Your spell library contained the following spells:

 Spells                   Type           Power      Damage    Failure   Level
 Foxfire                  Conj/Fire      0%         2x1d4     83%         1
 Necrotise                Necr           0%         1d4       83%         1
 Slow                     Hex            0%         N/A       83%         1
 Vampiric Draining        Necr           0%         2d6       99%         3
 Fulminant Prism          Conj/Hex       0%         3d6       100%        4
 Agony                    Necr           0%         N/A       100%        5
 Fireball                 Conj/Fire      0%         3d3       100%        5
 Iskenderun's Battlesphe  Conj           0%         2d6       100%        5
 Metabolic Englaciation   Hex/Ice        0%         N/A       100%        5
 Conjure Ball Lightning   Conj/Air       0%         3x3d6     100%        6
 Orb of Destruction       Conj           0%         9d5       100%        7


Dungeon Overview and Level Annotations

Branches:
Dungeon (4/15)             Temple (0/1) D:4

Altars:

Shops:
D:4 :


Message History

The gnoll is moderately wounded.
The gnoll hits you with a +0 spear.
The gnoll sergeant hits you but does no damage.
The gnoll hits you from afar with a +0 spear.
You hit the gnoll.
The gnoll is heavily wounded.
The gnoll hits you but does no damage. x2
The gnoll sergeant hits you from afar with a +0 trident!
You hit the gnoll.
The gnoll is almost dead.
The gnoll barely misses you. The gnoll sergeant barely misses you.
The gnoll barely misses you.
You barely miss the gnoll.
The gnoll is almost dead.
The gnoll closely misses you.
The gnoll sergeant hits you from afar with a +0 trident.
The gnoll hits you from afar with a +0 spear.
* * * LOW HITPOINT WARNING * * *
You hit the gnoll but do no damage.
The gnoll is almost dead.
The gnoll closely misses you.
The gnoll sergeant hits you from afar with a +0 trident.
* * * LOW HITPOINT WARNING * * *
The gnoll barely misses you. The gnoll misses you. The gnoll barely misses you.
The gnoll sergeant hits you but does no damage.
You feel very mighty all of a sudden. You block the gnoll's attack.
The gnoll sergeant hits you from afar with a +0 trident.
* * * LOW HITPOINT WARNING * * *
The gnoll barely misses you.
You closely miss the gnoll.
The gnoll is almost dead.
The gnoll hits you with a +0 spear.
* * * LOW HITPOINT WARNING * * *
The gnoll misses you. You block the gnoll sergeant's attack.
You slice the gnoll!!
You kill the gnoll!
The gnoll hits you but does no damage.
The gnoll sergeant hits you from afar with a +0 trident.
You die...

####### ######### ##.....##
#.......# ##.......##
#.......# #(..$.....#
#.......# #.........#
#####.......# #.........#
##.....(.....#
#.........####..###.......#
#.).......#g)@.## #.......#
#........).g####
#..######### #.(.......(##
#.###....... #......)..##
#.....###### #..>...†!..#
#..##### #..........# #...#
#..........#.# ....?#
##......!.##... ####### #
#..#......# #####. ##


You could see a gnoll sergeant and a gnoll.

Vanquished Creatures
  A necrophage (D:4)
  2 howler monkeys (D:5)
  Crazy Yiuf (D:3)
  Jessica (D:3)
  Terence (D:3)
  Ijyb (D:5)
  An iguana (D:5)
  Robin (D:2)
  2 gnolls (D:5)
  2 adders
  A worm (D:4)
  2 dart slugs
  2 orcs (D:3)
  4 endoplasms
  4 giant cockroaches
  8 hobgoblins
  6 jackals (D:1)
  2 quokkas
  4 ball pythons
  4 bats
  3 frilled lizards
  13 goblins
  7 kobolds
  5 rats
78 creatures vanquished.

Notes
Turn   | Place    | Note
-------+----------+-------------------------------------------
     0 | D:1      | drpainis the Hill Orc Fighter began the quest for the Orb.
     0 | D:1      | Reached XP level 1. HP: 19/19 MP: 1/1
   330 | D:1      | Reached XP level 2. HP: 27/27 MP: 2/2
   475 | D:1      | Reached skill level 3 in Axes
   476 | D:1      | Reached XP level 3. HP: 18/33 MP: 3/3
  1369 | D:2      | Noticed Robin
  1378 | D:2      | Killed Robin
  1379 | D:2      | Reached XP level 4. HP: 36/40 MP: 4/4
  1831 | D:2      | Reached skill level 4 in Axes
  2036 | D:2      | Identified the +3 scale mail of the Orb Guardian {rC+
                  | Stlth+}
  2282 | D:3      | Noticed Jessica
  2294 | D:3      | Killed Jessica
  2597 | D:3      | Reached XP level 5. HP: 42/46 MP: 5/5
  2670 | D:3      | Found a faded altar of an unknown god.
  2684 | D:3      | Noticed Terence
  2697 | D:3      | Killed Terence
  2896 | D:3      | Found a runed translucent door.
  2897 | D:3      | Noticed Crazy Yiuf
  2905 | D:3      | Killed Crazy Yiuf
  2906 | D:3      | Reached skill level 5 in Axes
  3343 | D:4      | Found a staircase to the Ecumenical Temple.
  3343 | D:4      | Found Ifynyitiro's Book Emporium.
  3440 | D:4      | Reached skill level 1 in Dodging
  3440 | D:4      | Reached XP level 6. HP: 44/53 MP: 6/6
  3519 | D:4      | Got Hauhess's Excursus on Maledictive Embers
  3636 | D:4      | You fall into a shaft and drop 1 floor!
  3636 | D:5      | Entered Level 5 of the Dungeon
  3644 | D:5      | Noticed Ijyb
  3673 | D:5      | Killed Ijyb
  4205 | D:5      | Reached skill level 6 in Axes
  4250 | D:5      | HP: 2/53 [gnoll/+0 spear[a gnoll sergeant] (4)]
  4251 | D:5      | Slain by a gnoll sergeant

Illustrated notes

Levels and vault maps discovered:
D:1:      spicycebolla_arrival_clurvy, layout_loops_ring, serial_glass,
          glass_columns_a, glass_columns_c
D:2:      layout_loops_corners, uniq_robin
D:3:      layout_rooms, ebering_ecumenical_altar_box, minmay_misc_feat_cross,
          nrook_uturn, hangedman_abyss_or_decor_stabs, uniq_jessica,
          uniq_terence, uniq_crazy_yiuf_cottage
D:4:      layout_rooms, minmay_temple_entry_waves, serial_shops,
          nicolae_shop_crystal
D:5:      layout_rooms, nicolae_elevator_lobby_asterisk, uniq_ijyb

Skill      XL: |  1  2  3  4  5  6 |
---------------+-------------------+-----
Axes           | 3 4 5 6 |  6.3
Fighting       | 4 |  4.5
Armour         | 4 |  4.9
Dodging        | 1 |  1.2
Throwing       | |  0.1
Stealth        | |  0.5
Shields        | |  3.8

Action                   |  1- 3 |  4- 6 || total
-------------------------+-------+-------++-------
Melee: War axe           |    85 |   147 ||   232
Throw: Dart              |       |     4 ||     4
  Use: Potion            |       |     2 ||     2
Armor: Scale mail        |    38 |    86 ||   124
Dodge: Dodged            |    47 |    88 ||   135
Block: Buckler           |    24 |    34 ||    58

Table legend: (Time is in decaauts)
 A = Elapsed time spent in this place.
 B = Non-inter-level travel time spent in this place.
 C = Inter-level travel time spent in this place.
 D = Time resting spent in this place.
 E = Time spent auto-exploring this place.
 F = Levels seen in this place.
 G = Mean time per level.
                   A        B        C        D        E       F      G
               +--------+--------+--------+--------+--------+-----+--------+
         Total |   4326 |   4202 |    124 |   1038 |   2245 |   5 |  865.2 |
       Dungeon |   4326 |   4202 |    124 |   1038 |   2245 |   5 |  865.2 |
               +--------+--------+--------+--------+--------+-----+--------+

Top non-repeatable levels by time:
     D:1: 1236 daAuts
     D:3: 1088 daAuts
     D:2: 1077 daAuts
     D:5: 625 daAuts
     D:4: 298 daAuts
